cohdb
Replays
Latest Replays
All Replays
Popular Replays
Top Player Replays
Match Explorer
How It Works
Community
CoH3 Stats
Reddit
Sign in to upload your games and track your stats! →
Sign in with Steam
Match 43755187
Unlisted
Match 43755187
Overview
Messages
Build Orders
End
Kettenkrad Recon Vehicle
Construct Infanterie Kompanie
Selects Terror Battlegroup
Selects Machine Gun Camouflage
MG 42 Machine Gun Team
Selects Machine Gun Camouflage
Grenadier Squad
Sniper
Selects Interrogate
Construct Panzergrenadier Kompanie
Construct Luftwaffe Kompanie
Jäger Squad
Support Elements
Flak 30 Anti-aircraft Gun Team
Selects Jericho Trumpet
MG 42 Bunker
Wirbelwind Flakpanzer
Jäger Squad
Side Skirts
Luftwaffe Officer Quarters
Jericho Trumpet
Selects V1 Rocket Strike
Jäger Squad
Jäger Squad
Construct Panzer Kompanie
Medical Station
Dr. BitChud M.D.
SCHÖN
Liviu
Waffles
Keno
Chicken Tikka Masala
0
0
Comments
sign in to comment!
No comments posted yet!